 Dungeon Crawl Stone Soup version 0.18-a0-1266-g3be6530 (webtiles) character file.

816 RedPan the Covert (level 7, -3/46 HPs)
             Began as a Vampire Enchanter on Feb 6, 2016.
             Killed by divine providence
             ... invoked by an orc priest
              (16 damage)
             ... on level 5 of the Dungeon.
             The game lasted 00:14:23 (5345 turns).

RedPan the Covert (Vampire Enchanter)               Turns: 5345, Time: 00:14:23

Health: -3/46      AC:  0    Str:  7    XL:     7   Next: 62%
Magic:  1/10       EV: 20    Int: 20    God:
Gold:   228        SH:  0    Dex: 19    Spells: 3 memorised, 4 levels left

rFire  . . .     SeeInvis +     (weapon currently unavailable)
rCold  + + .     Gourm    .     (armour currently unavailable)
rNeg   + + +     Faith    .     (shield currently unavailable)
rPois  +         Spirit   .     (helmet currently unavailable)
rElec  .         Dismiss  .     (cloak currently unavailable)
rCorr  .         Reflect  .     (gloves currently unavailable)
SustAt .         Harm     .     (boots currently unavailable)
MR     .....                    (no amulet)
Stlth  ++++++....               (ring currently unavailable)
                                (ring currently unavailable)

@: lethally poisoned (-3 -> -11), bat-form, flying, regenerating slowly, very
quick, not resistant to hostile enchantments, very stealthy
A: fangs 3, see invisible, (unbreathing)
a: End Transformation


You were on level 5 of the Dungeon.
You were near bloodless.
You were in vampire-bat-form.
You visited 1 branch of the dungeon, and saw 5 of its levels.

You collected 228 gold pieces.

Inventory:

Hand Weapons
 a - a +2 dagger (melded)
Armour
 b - a +2 robe (melded)
 f - a +0 pair of gloves (melded)
Jewellery
 l - a +4 ring of intelligence (melded)
Wands
 e - a wand of acid (6/15)
 k - a wand of confusion (24/48)
Scrolls
 h - 3 scrolls of enchant armour
 m - a scroll of enchant weapon
 o - 5 scrolls of identify
 q - a scroll of recharging
 s - a scroll of remove curse
Potions
 d - 20 potions of blood
 g - a potion of curing
 i - a potion of might
 n - a potion of flight
 r - a potion of berserk rage {unknown}
Books
 c - a book of Maledictions

   Spells                             Type                      Level
   a - Corona                         Hexes                        1
   b - Ensorcelled Hibernation        Hexes/Ice                    2
   c - Confuse                        Hexes                        3
   d - Tukima's Dance                 Hexes                        3
   e - Dazzling Spray                 Conjuration/Hexes            3
 j - a book of Ice

   Spells                             Type                      Level
   a - Ice Form                       Ice/Transmutation            4
   b - Metabolic Englaciation         Hexes/Ice                    5
   c - Ozocubu's Refrigeration        Ice                          6
   d - Bolt of Cold                   Conjuration/Ice              6
   e - Freezing Cloud                 Conjuration/Ice/Air          6
   f - Simulacrum                     Ice/Necromancy               6
 p - a book of Dreams

   Spells                             Type                      Level
   a - Ensorcelled Hibernation        Hexes/Ice                    2
   b - Phase Shift                    Translocation                5
   c - Silence                        Hexes/Air                    5
   d - Darkness                       Hexes                        6
   e - Mass Confusion                 Hexes                        6
   f - Shadow Creatures               Summoning                    6


   Skills:
 + Level 6.8 Short Blades
 - Level 2.1 Dodging
 - Level 10.2 Stealth
 - Level 2.0 Spellcasting
 - Level 4.4 Hexes


You had 4 spell levels left.
You knew the following spells:

 Your Spells              Type           Power        Failure   Level  Hunger
a - Corona                Hex            ###....      2%          1    #......
b - Ensorcelled Hibernat  Hex/Ice        ##....       12%         2    ##.....
c - Confuse               Hex            ###.....     10%         3    ###....


Dungeon Overview and Level Annotations

Branches:
Dungeon (5/15)
 Temple: D:4-7

Altars:
Pakellas
Ru

Annotations:
D:5 Edmund


Innate Abilities, Weirdness & Mutations

You heal slowly.
You have razor-sharp teeth.
You have supernaturally acute eyesight.
((You can survive without breathing.))


Message History

Aim: Edmund, wielding a flail of venom and wearing a shiny scale mail (chance to defeat MR: 43%) Edmund resists with some effort.
Edmund closely misses you.
Casting: Ensorcelled Hibernation
Confirm with . or Enter, or press ? or * to list all spells.
Aiming: Ensorcelled Hibernation
Press: ? - help, Shift-Dir - straight line, f/p - Edmund
Aim: Edmund, wielding a flail of venom and wearing a shiny scale mail (chance to defeat MR: 43%) Edmund resists with some effort.
Edmund hits you with a flail of venom!
You are poisoned.
You feel sick.
You turn into a vampire bat.
Your +2 dagger melds into your body.
Your +0 pair of gloves melds into your body.
Your +2 robe melds into your body.
Your +4 ring of intelligence melds into your body.
You feel stupid.
Edmund says, "You wouldn't believe how much I paid for this flail."
You feel sick.
The orc priest mumbles some strange prayers to Beogh against you.
Something smites you!
You die...

#.# #..a....... #############
#.# #.##....... ............#
#.# #.##.#.#.#####
###########.# #.#
#.##.#..#(.≈≈≈ ####### #.#
#.# #.#....#..≈... ......#
#.# #.# #.#...#...≈._.
.####.# #.####.#
#.#.†#.#..≈... .#
#.#####......###.#..##c#..≈≈≈
.#
#...........b....@.o.o..#####
.#
#.###############.#.####.....
.# #.# #.#.# ####. .####.#
#)#.# ......# #)#.# ......#
#.#.# #####.# #.#.# # #.#
#.#.# #####.#### #.#<#


You could see Edmund and an orc priest.

Vanquished Creatures
  Sigmund (D:2)
  An ogre (D:4)
  A centaur (D:4)
  A scorpion (D:4)
  A hound (D:5)
  A jelly (D:5)
  An iguana (D:3)
  3 worker ants
  7 adders
  8 gnolls
  3 oozes
  3 worms
  2 giant geckos
  3 orcs
  8 bats
  6 giant cockroaches
  16 goblins
  13 hobgoblins
  8 jackals
  11 kobolds
  2 quokkas
  4 ball pythons
  4 giant newts
  14 rats
122 creatures vanquished.

Notes
Turn   | Place    | Note
--------------------------------------------------------------
     0 | D:1      | RedPan the Vampire Enchanter began the quest for the Orb.
     0 | D:1      | Reached XP level 1. HP: 13/13 MP: 3/3
   310 | D:1      | Reached skill level 5 in Stealth
   659 | D:1      | Reached XP level 2. HP: 19/19 MP: 5/5
   766 | D:1      | Reached skill level 6 in Stealth
   858 | D:1      | Learned a level 2 spell: Ensorcelled Hibernation
  1157 | D:1      | Reached XP level 3. HP: 16/24 MP: 6/6
  1162 | D:1      | Learned a level 3 spell: Confuse
  1675 | D:1      | Reached skill level 7 in Stealth
  2239 | D:2      | Reached XP level 4. HP: 30/30 MP: 7/7
  2307 | D:2      | Noticed Sigmund
  2334 | D:2      | Killed Sigmund
  2334 | D:2      | Reached skill level 10 in Stealth
  2334 | D:2      | Reached XP level 5. HP: 14/35 MP: 0/8
  3039 | D:2      | Reached XP level 6. HP: 41/41 MP: 6/9
  4362 | D:4      | Found an oddly glowing altar of Pakellas.
  4545 | D:4      | Reached XP level 7. HP: 46/46 MP: 7/10
  4589 | D:4      | Reached skill level 5 in Short Blades
  5017 | D:5      | Entered Level 5 of the Dungeon
  5276 | D:5      | Noticed Edmund
  5328 | D:5      | Found a sacrificial altar of Ru.
  5345 | D:5      | Killed from afar by an orc priest

Vault maps used:
D:1:      dpeg_arrival_morbid_curiosity
D:2:      hangedman_feature_mirror, uniq_sigmund
D:3:      first_bread
D:4:      grunt_pakellas_salt
D:5:      yredelemnul_forgotten_temple_becter, nicolae_ru_awakened_eye,
          uniq_edmund

Action                   |  1- 3 |  4- 6 |  7- 9 || total
-------------------------+-------+-------+-------++-------
Melee: Dagger            |   157 |   163 |    65 ||   385
 Cast: Ensorcelled Hiber |     1 |    16 |    16 ||    33
 Abil: Bat Form          |       |       |     1 ||     1
  Use: Potion            |       |     7 |     1 ||     8
       Scroll            |       |     9 |     1 ||    10
 Stab: Sleeping          |     7 |    40 |    10 ||    57
       Distracted        |       |     1 |       ||     1
